 Dungeon Crawl Stone Soup version bcrawl-1.23 (webtiles) character file.

Game seed: 1348255092514062070

3140 diana the Skirmisher (level 9, 0/73 HPs)
             Began as a Demonspawn Gladiator on May 23, 2020.
             Was a Follower of Okawaru.
             Slain by an ogre
             ... wielding a +0 giant club
              (19 damage)
             ... on level 8 of the Dungeon.
             The game lasted 00:12:54 (8501 turns).

diana the Skirmisher (Demonspawn Gladiator)         Turns: 8501, Time: 00:12:55

Health: 0/73       AC: 13    Str: 18    XL:     9   Next: 61%
Magic:  9/9        EV: 12    Int: 10    God:    Okawaru [*.....]
Gold:   640        SH:  7    Dex: 14    Spells: 8/8 levels left

rFire    + . .     SeeInvis .   a - +0 long sword
rCold    . . .     Gourm    +   C - +0 buckler
rNeg     . . .     Faith    .   w - +1 scale mail {rPois}
rPois    +         Spirit   .   c - +0 helmet
rElec    .         Reflect  .   (no cloak)
rCorr    .         Harm     .   l - +0 pair of gloves
MR       .....                  (no boots)
Stlth    +.........             m - amulet of the gourmand
HPRegen  0.22/turn              k - +2 ring of protection
MPRegen  0.11/turn              D - ring of protection from fire

@: lethally poisoned (0 -> 0), lightly drained
A: hooves 1, repulsion field 2, demonic guardian 1, nightstalker 1
a: Heroism, Renounce Religion


You were on level 8 of the Dungeon.
You worshipped Okawaru.
Okawaru was aware of your devotion.
You were very full.

You visited 2 branches of the dungeon, and saw 9 of its levels.

You collected 694 gold pieces.
You spent 54 gold pieces at shops.

Inventory:

Hand Weapons
 a - a +0 long sword (weapon)
Missiles
 d - 3 throwing nets (quivered) {!f}
Armour
 c - a +0 helmet (worn)
 l - a +0 pair of gloves (worn)
 w - a +1 scale mail of poison resistance (worn)
 C - a +0 buckler (worn)
Jewellery
 k - a +2 ring of protection (left hand)
 m - an amulet of the gourmand (around neck)
 t - an uncursed ring of poison resistance
 u - an uncursed ring of flight
 v - an uncursed amulet of faith
 D - a ring of protection from fire (right hand)
 F - a +6 ring of protection
Wands
 r - a wand of iceblast (3)
 y - a wand of disintegration (21)
 E - a wand of flame (9)
Scrolls
 b - a scroll of amnesia {unknown}
 g - a scroll of immolation {unknown}
 i - 5 scrolls of remove curse
 j - a scroll of enchant weapon {unknown}
 o - 8 scrolls of teleportation {unknown}
 s - 2 scrolls of magic mapping {unknown}
 B - 3 scrolls of identify
 G - a scroll of enchant armour {unknown}
 H - a scroll of torment {unknown}
Potions
 f - 3 potions of lignification {unknown}
 h - 2 potions of flight {unknown}
 n - a potion of curing {unknown}
 p - 2 potions of haste
 q - 4 potions of ambrosia
 x - 2 potions of brilliance {unknown}
 z - 2 potions of heal wounds
 A - a potion of mutation {unknown}
 I - a potion of agility {unknown}
Comestibles
 e - 17 rations {!d}


   Skills:
 + Level 7.7(7.1) Fighting
 + Level 7.4(6.8) Long Blades
 - Level 1.7(1.2) Throwing
 + Level 6.7(6.1) Armour
 - Level 2.6(2.1) Dodging
 + Level 3.5(3.0) Shields


You had 8 spell levels left.
You didn't know any spells.
Your spell library contained the following spells:

 Spells                   Type           Power        Failure   Level  Hunger
 Corona                   Hex            #......      93%         1    ##.....
 Shackle                  Hex            #.......     98%         2    ###....
 False Image              Hex/Summ       #.......     100%        3    ####...
 Inner Flame              Hex/Fire       N/A          100%        3    ####...
 Cause Fear               Hex            #.........   100%        4    #####..
 Yara's Violent Unravell  Hex/Tmut       #.........   100%        4    #####..


Dungeon Overview and Level Annotations

Branches:
Dungeon (8/12)             Temple (1/1) D:7            Lair (0/6) D:7
    Orc (0/1) D:8

Altars:
Ashenzari
Cheibriados
Dithmenos
Elyvilon
Fedhas
Gozag
Hepliaklqana
Kikubaaqudgha
Lugonu
Makhleb
Nemelex Xobeh
Okawaru
Qazlal
Ru
Sif Muna
Trog
Uskayaw
Vehumet
Wu Jian
Yredelemnul
Zin
The Shining One

Shops:
D:6 [


Innate Abilities, Weirdness & Mutations

You have large cloven feet.
You are surrounded by a moderate repulsion field. (EV +3)
A weak demonic guardian rushes to your aid.
You are slightly more attuned to the shadows.


Message History

You completely miss the wight.
The wight is almost destroyed.
The kobold hits you with a +0 club. The kobold hits you but does no damage.
The wight closely misses you.
A wight comes into view. It is wielding a +1 war axe of venom.
Your quasit bites the ogre.
Your quasit claws the ogre. x2
The ogre hits you with a +0 giant club! The ogre completely misses your quasit.
The kobold closely misses you. The kobold hits you but does no damage.
You hit the kobold.
You kill the kobold!
You feel sick.
The wight hits you from afar with a +3 halberd!
The orc hits you from afar with a +0 trident.
* * * LOW HITPOINT WARNING * * *
Your quasit bites the ogre.
Your quasit barely misses the ogre.
Your quasit closely misses the ogre.
You block the kobold's attack. The kobold closely misses you.
The wight closely misses you. The wight misses your quasit.
The ogre hits you with a +0 giant club!!
You die...

#...##. ##....z .#
#.....#...
###...z.#..#.######
#....zozz..#.#....
#zzKOz####.....####
#.K@K5#.....8.....#
###.###...........##
#5................
#.#..8....>...)8..
.>.##..............
#.#####...........##
#. #.....8)....# #
####...).#### #.####
##..###


You could see an ogre, 8 wights, an orc, 3 kobolds, a friendly iron imp and a
friendly quasit.

Vanquished Creatures
  A hippogriff (D:6)
  A wyvern (D:8)
  4 yaks (D:8)
  Edmund (D:5)
  A hornet zombie (D:6)
  An ice beast (D:5)
  A sky beast (D:4)
  2 orc warriors (D:8)
  2 ogres
  2 centaurs
  Blork the orc (D:4)
  A bullfrog (D:6)
  A big kobold (D:8)
  3 scorpions
  A crimson imp (D:4)
  4 hounds
  A jelly (D:5)
  3 orc wizards (D:5)
  3 worker ants
  A killer bee zombie (D:6)
  A hound zombie (D:7)
  8 adders
  3 shadow imps
  An ooze (D:2)
  An adder skeleton (D:5)
  An adder zombie (D:7)
  2 worms
  7 leopard geckos
  7 orcs
  16 giant cockroaches
  5 hobgoblins
  13 jackals
  13 kobolds
  6 quokkas
  3 bats
  3 frilled lizards
  5 goblins
  A jackal zombie (D:5)
  8 rats
139 creatures vanquished.

Vanquished Creatures (collateral kills)
  Sigmund (D:4)
  A crocodile (D:5)
  An orc warrior (D:8)
  A phantom (D:7)
  A necrophage (D:4)
  A scorpion (D:5)
  A howler monkey (D:8)
  An adder (D:4)
  An orc (D:8)
  A jackal (D:4)
  2 kobolds (D:8)
  A quokka zombie (D:5)
13 creatures vanquished.

Grand Total: 152 creatures vanquished

Notes
Turn   | Place    | Note
-------+----------+-------------------------------------------
     0 | D:1      | diana the Demonspawn Gladiator began the quest for the Orb.
     0 | D:1      | Reached XP level 1. HP: 16/16 MP: 1/1
   311 | D:1      | Gained mutation: You are surrounded by a mild repulsion
                  | field. (EV +2) [demonic ancestry]
   311 | D:1      | Reached XP level 2. HP: 20/22 MP: 2/2
   524 | D:1      | Reached skill level 1 in Armour
   926 | D:2      | Gained mutation: You are slightly more attuned to the
                  | shadows. [demonic ancestry]
   926 | D:2      | Reached XP level 3. HP: 28/28 MP: 3/3
  1639 | D:2      | Gained mutation: A weak demonic guardian rushes to your
                  | aid. [demonic ancestry]
  1639 | D:2      | Reached XP level 4. HP: 32/34 MP: 4/4
  3132 | D:4      | Noticed Blork the orc
  3183 | D:4      | Found a sparkling altar of Nemelex Xobeh.
  3240 | D:4      | Gained mutation: You are surrounded by a moderate repulsion
                  | field. (EV +3) [demonic ancestry]
  3240 | D:4      | Reached XP level 5. HP: 41/41 MP: 5/5
  3247 | D:4      | Noticed a necrophage
  3257 | D:4      | Killed a necrophage
  3334 | D:4      | Noticed a sky beast
  3389 | D:4      | Killed a sky beast
  3389 | D:4      | Gained mutation: You have large cloven feet. [demonic
                  | ancestry]
  3389 | D:4      | Reached XP level 6. HP: 12/47 MP: 6/6
  3642 | D:4      | Killed Blork the orc
  4176 | D:4      | Noticed Sigmund
  4197 | D:5      | Entered Level 5 of the Dungeon
  4213 | D:5      | Reached XP level 7. HP: 32/55 MP: 7/7
  4335 | D:5      | Reached skill level 5 in Fighting
  4335 | D:5      | Reached skill level 5 in Long Blades
  4769 | D:5      | Noticed a two-headed ogre
  4999 | D:4      | Killed Sigmund
  5045 | D:5      | Reached XP level 8. HP: 63/63 MP: 8/8
  5297 | D:5      | Reached skill level 5 in Armour
  5498 | D:5      | Noticed Edmund
  5516 | D:5      | Killed Edmund
  6288 | D:6      | Found Kaeg's Armour Shop.
  6294 | D:6      | Bought a +0 buckler for 54 gold pieces
  6648 | D:6      | Reached skill level 1 in Shields
  6762 | D:6      | Noticed a hippogriff
  6775 | D:6      | Killed a hippogriff
  7243 | D:7      | Found a staircase to the Lair.
  7377 | D:7      | Reached XP level 9. HP: 71/71 MP: 9/9
  7570 | D:7      | Found a shattered altar of Ashenzari.
  7662 | D:7      | Found a staircase to the Ecumenical Temple.
  7677 | Temple   | Entered the Ecumenical Temple
  7773 | Temple   | Became a worshipper of Warmaster Okawaru
  8286 | D:8      | Reached * piety under Okawaru
  8392 | D:8      | Found a staircase to the Orcish Mines.
  8501 | D:8      | Slain by an ogre

Skill      XL: |  1  2  3  4  5  6  7  8  9 |
---------------+----------------------------+-----
Armour         | 1 2 3 4 5 6 |  6.7
Long Blades    | 3 4 5 6 7 |  7.4
Fighting       | 3 4 5 6 7 |  7.7
Shields        | 2 3 |  3.5
Throwing       | |  1.7
Dodging        | |  2.6

Action                   |  1- 3 |  4- 6 |  7- 9 || total
-------------------------+-------+-------+-------++-------
Melee: Long sword        |   121 |   200 |   399 ||   720
       Kick              |       |    16 |   143 ||   159
  Use: Scroll            |       |     5 |     1 ||     6
       Potion            |       |       |     1 ||     1
 Stab: Sleeping          |     4 |     7 |     1 ||    12
       Distracted        |       |     2 |     2 ||     4
  Eat: Chunk             |     2 |     7 |    20 ||    29
       Ration            |       |       |     1 ||     1
Armor: Leather armour    |    37 |    28 |       ||    65
       Ring mail         |       |    39 |    31 ||    70
       Scale mail        |       |       |   102 ||   102
Dodge: Dodged            |   131 |   169 |   251 ||   551
Block: Other             |     2 |     3 |     8 ||    13
       Buckler           |       |       |    87 ||    87
